 Dungeon Crawl Stone Soup version 0.29-a0-322-g68df515428 (webtiles) character file.

Game seed: 14786986586424447747

477 12572944 the Skirmisher (level 6, -1/58 HPs)
             Began as a Minotaur Fighter on Apr 7, 2022.
             Slain by an ufetubus (4 damage)
             ... on level 5 of the Dungeon on Apr 9, 2022.
             The game lasted 00:11:14 (4584 turns).

12572944 the Skirmisher (Minotaur Fighter)          Turns: 4584, Time: 00:11:15

Health: -1/58      AC: 18    Str: 21    XL:     6   Next: 85%
Magic:  5/5        EV:  7    Int:  5    God:
Gold:   146        SH:  5    Dex: 11    Spells: 5/5 levels left

rFire   . . .      SeeInvis .   F - +1 scimitar
rCold   + . .      Faith    .   c - +0 buckler
rNeg    + . .      Spirit   .   B - +5 storm dragon scales "Luithragu" {rElec rN+}
rPois   .          Reflect  .   (helmet restricted)
rElec   +          Harm     .   (no cloak)
rCorr   .          Rampage  .   (no gloves)
Will    +....                   v - +0 pair of boots
Stlth   ..........              (no amulet)
HPRegen 0.19/turn               f - ring of protection from cold
MPRegen 0.09/turn               s - ring of willpower

@: no status effects
A: horns 2, retaliatory headbutt
a: no special abilities


You were on level 5 of the Dungeon.
You visited 1 branch of the dungeon, and saw 5 of its levels.

You collected 146 gold pieces.

Inventory:

Hand Weapons
 a - a +0 long sword
 e - a +0 dagger
 r - a +0 dagger of protection
 E - a +0 rapier
 F - a +1 scimitar (weapon)
Missiles
 n - 13 poisoned darts (quivered)
 y - 47 stones
Armour
 b - a +0 scale mail
 c - a +0 buckler (worn)
 v - a +0 pair of boots (worn)
 x - a +0 chain mail
 B - the +5 storm dragon scales "Luithragu" (worn) {rElec rN+}
   (You found it on level 4 of the Dungeon)

   rElec:     It insulates you from electricity.
   rN:        It protects you from negative energy.
Jewellery
 f - a ring of protection from cold (left hand)
 p - a ring of flight
 s - a ring of willpower (right hand)
 u - an amulet of faith
Scrolls
 g - a scroll of blinking {unknown}
 h - a scroll of fog {unknown}
 i - 2 scrolls of identify {unknown}
 j - 4 scrolls of teleportation {unknown}
 l - a scroll of enchant armour {unknown}
 o - 2 scrolls of enchant weapon {unknown}
 q - 2 scrolls of fear {unknown}
 C - a scroll of immolation {unknown}
 D - a scroll of brand weapon {unknown}
Potions
 d - a potion of might
 k - 2 potions of berserk rage {unknown}
 m - a potion of invisibility {unknown}
 t - a potion of magic {unknown}
 w - 3 potions of mutation {unknown}
 z - a potion of heal wounds {unknown}
 A - a potion of haste {unknown}


   Skills:
 * Level 6.5 Fighting
 + Level 4.5 Long Blades
 + Level 5.3 Armour
 + Level 5.2 Shields


You had 5 spell levels left.
You didn't know any spells.
Your spell library was empty.

Dungeon Overview and Level Annotations

Branches:
Dungeon (5/15)
 Temple: D:4-7

Altars:
Elyvilon
Sif Muna

Annotations:
D:2 1 runed translucent door, Crazy Yiuf


Innate Abilities, Weirdness & Mutations

You have a pair of horns on your head.
You reflexively headbutt those who attack you in melee.


Message History

The black bear closely misses you.
The black bear claws you but does no damage.
The black bear barely misses you.
The water moccasin hisses angrily.
You hit the black bear.
The black bear is almost dead.
The ufetubus hits you but does no damage.
The ufetubus barely misses you. The black bear closely misses you.
The black bear claws you.
* * * LOW HITPOINT WARNING * * *
The black bear claws you but does no damage.
The orc priest hits you but does no damage.
You block the iguana's attack.
The ufetubus hits you but does no damage. x2
The black bear bites you but does no damage.
The black bear claws you.
* * * LOW HITPOINT WARNING * * *
The black bear claws you but does no damage.
The orc priest hits you but does no damage.
The iguana barely misses you. You furiously retaliate!
You headbutt the iguana. You closely miss the black bear.
You headbutt the black bear.
You kill the black bear!
You block the ufetubus's attack. x2
The ufetubus hits you but does no damage. x2
The orc priest completely misses you. You furiously retaliate!
You headbutt the orc priest. The iguana barely misses you.
You barely miss the orc priest.
The orc priest is severely wounded.
The ufetubus closely misses you. The ufetubus barely misses you. x3
The orc priest hits you but does no damage.
The iguana bites you but does no damage.
You slash the orc priest!
You kill the orc priest!
The ufetubus barely misses you.
The ufetubus hits you but does no damage.
The iguana bites you.
* * * LOW HITPOINT WARNING * * *
The ufetubus hits you but does no damage.
The ufetubus hits you.
You die...

#....##...............
####.(.o..............
####..?............
#...............
#...............
#...............
......>.........
.......S5l......
.......†@.......
#...............
#...............
#.........######
###########


You could see a water moccasin, an iguana, an orc (wandering) and an ufetubus.

Vanquished Creatures
  A black bear (D:5)
  A wight (D:4)
  2 hounds (D:4)
  A jelly (D:4)
  3 orc priests
  Jessica (D:2)
  Robin (D:2)
  A gnoll (D:1)
  4 adders
  2 worms
  3 dart slugs
  5 orcs
  6 ball pythons
  6 endoplasms
  2 giant cockroaches
  13 goblins
  11 hobgoblins
  3 jackals (D:2)
  6 quokkas
  6 bats
  4 frilled lizards
  5 kobolds
  A rat (D:1)
88 creatures vanquished.

Vanquished Creatures (others)
  4 plants (D:1)
4 creatures vanquished.

Grand Total: 92 creatures vanquished

Notes
Turn   | Place    | Note
-------+----------+-------------------------------------------
     0 | D:1      | 12572944 the Minotaur Fighter began the quest for the Orb.
     0 | D:1      | Reached XP level 1. HP: 19/19 MP: 0/0
    22 | D:1      | Reached XP level 2. HP: 6/27 MP: 1/1
   275 | D:1      | Reached skill level 4 in Fighting
   646 | D:1      | Reached XP level 3. HP: 33/33 MP: 2/2
   835 | D:1      | Found a faded altar of an unknown god.
  1213 | D:2      | Found a white marble altar of Elyvilon.
  1245 | D:2      | Noticed Jessica
  1250 | D:2      | Killed Jessica
  1251 | D:2      | Reached XP level 4. HP: 41/41 MP: 3/3
  1448 | D:2      | Noticed Robin
  1628 | D:2      | Killed Robin
  1639 | D:2      | Reached skill level 5 in Fighting
  1740 | D:2      | Found a runed translucent door.
  1741 | D:2      | Noticed Crazy Yiuf
  1919 | D:3      | !bestwep
  2120 | D:3      | Reached XP level 5. HP: 46/48 MP: 4/4
  2400 | D:3      | Found a shimmering blue altar of Sif Muna.
  2850 | D:4      | Identified the +5 storm dragon scales "Luithragu" {rElec
                  | rN+}
  3518 | D:4      | Reached XP level 6. HP: 45/57 MP: 5/5
  3962 | D:4      | Reached skill level 6 in Fighting
  3962 | D:4      | Reached skill level 5 in Armour
  4090 | D:4      | !bestwep
  4097 | D:5      | Entered Level 5 of the Dungeon
  4279 | D:5      | Noticed a water moccasin
  4383 | D:4      | Reached skill level 5 in Shields
  4385 | D:4      | !bestwep
  4580 | D:5      | Noticed a water moccasin
  4584 | D:5      | Slain by an ufetubus

Illustrated notes . .###### #.# ......## # #.# .. #.....#####.# #.# . #...#.......# #.# # #.#...#....### #.# # #....?@..#...####.# # ##.#...#..##....#.# # #.....##.#####...## # ###[....... ###..#### #.######.J #...... .. ##.. #.##### J.# > #.# # .#. #.# # #.# # Turn 1919 on D:3: !bestwep #.#..# #..##....# #. ###..## ##.......#### #. #...# #.######....###. ###..####.# #........ #.#...##.## ##........ #........# #......... ####....## ##..###.... ###..# #...# ##... ##@######...# ##.. #......>...# ##.. #.######...# ##.#. ### #.### #.##. ### ##..# #### Turn 4090 on D:4: !bestwep

...#....#####..###
...###..## #..#
....###..## #.##
....# ##..###.#
....# ##.....#
..#.## ##....# ###
.....## ##...###.#
#.....####..##....#
#...#......#####@.#
#.####..##.# #.>#
..# #..###.# ##.#
..###.## #.# #.##
..##.## #.## ##.#
.....# #..# #.##
.....# ###..## ####
###..###.....###<#
# ##.........##.##


Turn 4385 on D:4: !bestwep

Levels and vault maps discovered:
D:1:      roderic_crop_circles_arrival_small, layout_loops_ring,
          shapermc_ecumenical_altar_pompeii
D:2:      layout_rooms, basic_altar, uniq_crazy_yiuf_cottage, uniq_robin,
          uniq_jessica
D:3:      cheibrodos_old_hovel, layout_rooms, lemuel_blue_sif_altar
D:4:      layout_layer_cave
D:5:      layout_basic, uniq_edmund

Skill      XL: |  1  2  3  4  5  6 |
---------------+-------------------+-----
Fighting       | 4 5 6 |  6.5
Armour         | 4 5 |  5.3
Shields        | 4 5 |  5.2
Long Blades    | 3 4 |  4.5

Action                   |  1- 3 |  4- 6 || total
-------------------------+-------+-------++-------
Melee: Long sword        |    76 |   148 ||   224
       Headbutt          |     7 |    30 ||    37
       Scimitar          |       |    12 ||    12
Throw: Dart              |     1 |       ||     1
       Stone             |       |     6 ||     6
Armor: Scale mail        |    36 |    26 ||    62
       Storm dragon scal |       |    75 ||    75
Dodge: Dodged            |    43 |    78 ||   121
Block: Buckler           |    21 |    46 ||    67

Table legend: (Time is in decaauts)
 A = Elapsed time spent in this place.
 B = Non-inter-level travel time spent in this place.
 C = Inter-level travel time spent in this place.
 D = Time resting spent in this place.
 E = Time spent auto-exploring this place.
 F = Levels seen in this place.
 G = Mean time per level.
                   A        B        C        D        E       F      G
               +--------+--------+--------+--------+--------+-----+--------+
         Total |   4651 |   4306 |    345 |    299 |   3233 |   5 |  930.2 |
       Dungeon |   4651 |   4306 |    345 |    299 |   3233 |   5 |  930.2 |
               +--------+--------+--------+--------+--------+-----+--------+

Top non-repeatable levels by time:
     D:4: 1999 daAuts
     D:1: 1208 daAuts
     D:2: 714 daAuts
     D:3: 700 daAuts
     D:5: 29 daAuts
